 Dungeon Crawl Stone Soup version 0.29.1-1-gd02db6906a (webtiles) character file.

Game seed: 13429304146055012076

193 LabCoat the Trooper (level 5, 47/47 HPs)
             Began as a Hill Orc Fighter on Oct 12, 2022.
             Quit the game on level 4 of the Dungeon.
             The game lasted 00:06:20 (2825 turns).

LabCoat the Trooper (Hill Orc Fighter)              Turns: 2825, Time: 00:06:20

Health: 47/47      AC:  9    Str: 27    XL:     5   Next: 72%
Magic:  6/6        EV:  9    Int:  8    God:
Gold:   161        SH:  4    Dex: 10    Spells: 6/6 levels left

rFire   . . .      SeeInvis .   a - +0 war axe
rCold   . . .      Faith    .   c - +0 buckler
rNeg    . . .      Spirit   +   b - +0 scale mail
rPois   .          Reflect  .   n - +0 helmet
rElec   .          Harm     .   s - +0 cloak
rCorr   .          Rampage  .   (no gloves)
Will    .....                   (no boots)
Stlth   ..........              f - amulet of guardian spirit
HPRegen 0.15/turn               e - +6 ring of strength
MPRegen 0.10/turn               (no ring)

@: no status effects
A: no striking features
a: no special abilities


You were on level 4 of the Dungeon.
You visited 1 branch of the dungeon, and saw 4 of its levels.

You collected 161 gold pieces.

Inventory:

Hand Weapons
 a - a +0 war axe (weapon)
Missiles
 g - 5 javelins
 q - 5 boomerangs (quivered)
Armour
 b - a +0 scale mail (worn)
 c - a +0 buckler (worn)
 n - a +0 helmet (worn)
 s - a +0 cloak (worn)
Jewellery
 e - a +6 ring of strength (left hand)
 f - an amulet of guardian spirit (around neck)
 r - an amulet of the acrobat
Wands
 t - a wand of mindburst (15)
Scrolls
 o - a scroll of noise {unknown}
 v - a scroll of brand weapon {unknown}
 w - a scroll of teleportation {unknown}
 x - a scroll of enchant weapon {unknown}
 y - a scroll of blinking {unknown}
 z - a scroll of vulnerability {unknown}
 C - a scroll of magic mapping {unknown}
Potions
 d - a potion of might
 h - a potion of attraction {unknown}
 i - a potion of haste
 j - 2 potions of degeneration {unknown}
 k - a potion of berserk rage {unknown}
 l - a potion of heal wounds {unknown}
 m - a potion of ambrosia {unknown}
 p - 2 potions of invisibility
 u - a potion of mutation {unknown}
 A - a potion of cancellation {unknown}
 B - a potion of flight {unknown}


   Skills:
 * Level 4.8 Fighting
 * Level 4.2 Axes
 + Level 1.1 Throwing
 + Level 3.8 Armour
 + Level 3.9 Shields
 - Level 1.1 Spellcasting
 + Level 1.2 Evocations


You had 6 spell levels left.
You didn't know any spells.
Your spell library contained the following spells:

 Spells                   Type           Power      Damage    Failure   Level
 Call Canine Familiar     Summ           0%         N/A       98%         3
 Confusing Touch          Hex            0%         N/A       98%         3
 Portal Projectile        Hex/Tloc       0%         N/A       98%         3
 Leda's Liquefaction      Hex/Erth       0%         N/A       100%        4
 Passage of Golubria      Tloc           0%         N/A       100%        4
 Silence                  Hex/Air        0%         N/A       100%        5
 Yara's Violent Unravell  Hex/Tmut       0%         3d3       100%        5
 Enfeeble                 Hex            0%         N/A       100%        7
 Lehudib's Crystal Spear  Conj/Erth      0%         10d2      100%        8


Dungeon Overview and Level Annotations

Branches:
Dungeon (4/15)
 Temple: D:4-7

Altars:
Okawaru
Ru

Shops:
D:2 !


Message History

Press: ? - help, Q - select action, (/) - cycle Shift-Dir - straight line, f/p - adder
Aim: an adder (38% to hit)
You throw a boomerang.
The boomerang completely misses the adder.
The adder barely misses you.
You barely miss the adder. The adder bites you but does no damage.
The adder bites you.
You hit the adder.
The adder is moderately wounded.
The adder bites you but does no damage. You block the adder's attack.
You closely miss the adder.
The adder is moderately wounded.
The adder barely misses you.
You closely miss the adder.
The adder is moderately wounded.
The adder barely misses you. The adder bites you but does no damage.
You slash the adder!
You kill the adder!
You have reached level 5!
You feel stronger.
HP restored.
C - a scroll labelled JENWYO HYAPT
Found 6 stones.
Found a chain mail.
A phantom comes into view.
Aiming: Mindburst
Press: ? - help, Shift-Dir - straight line, f - phantom
Aim: a phantom (wandering, hasn't noticed you, chance to affect: 51%)
The phantom's mind is blasted!
Aiming: Mindburst
Press: ? - help, Shift-Dir - straight line, f/p - phantom
Aim: a phantom (heavily damaged, chance to affect: 51%)
The phantom's mind is blasted!!
You blow up the phantom!
Your Axes skill increases to level 4!
Your Throwing skill increases to level 1!
Your Spellcasting skill increases to level 1!
Are you sure you want to abandon this character and quit the game? (Confirm with "yes".)
Okay, then.
Are you sure you want to abandon this character and quit the game? (Confirm with "yes".)

......<.....#
.....######.##
....## ##.###
....# ##..###
...# ##....###
..#
###......(##
.#
##......#...#
#.......#####
#.......@#
#.........#
#.........#
#..........
...........
#..........
##.........#
##.[...?..#


There were no monsters in sight!

Vanquished Creatures
  A phantom (D:4)
  Terence (D:2)
  3 adders
  A worm (D:4)
  A dart slug (D:1)
  An orc (D:3)
  11 ball pythons
  5 endoplasms
  4 giant cockroaches
  5 goblins
  5 hobgoblins
  3 jackals (D:2)
  2 quokkas (D:1)
  3 bats
  4 frilled lizards
  7 kobolds
  6 rats
63 creatures vanquished.

Notes
Turn   | Place    | Note
-------+----------+-------------------------------------------
     0 | D:1      | LabCoat the Hill Orc Fighter began the quest for the Orb.
     0 | D:1      | Reached XP level 1. HP: 19/19 MP: 1/1
   194 | D:1      | Reached XP level 2. HP: 27/27 MP: 2/2
   267 | D:1      | Found a faded altar of an unknown god.
   827 | D:1      | Reached XP level 3. HP: 24/33 MP: 3/3
  1156 | D:2      | Noticed Terence
  1165 | D:2      | Killed Terence
  1166 | D:2      | Reached XP level 4. HP: 31/40 MP: 4/4
  1820 | D:2      | Found Feab Gua's Distillery.
  2211 | D:3      | Found an iron altar of Okawaru.
  2232 | D:3      | Reached skill level 1 in Evocations
  2390 | D:3      | Found a sacrificial altar of Ru.
  2782 | D:4      | Reached XP level 5. HP: 46/47 MP: 6/6
  2822 | D:4      | Noticed a phantom
  2824 | D:4      | Killed a phantom
  2825 | D:4      | Reached skill level 1 in Throwing
  2825 | D:4      | Reached skill level 1 in Spellcasting
  2825 | D:4      | Quit the game

Illustrated notes

Levels and vault maps discovered:
D:1:      shiori_arrival_maze, layout_loops_ring,
          shapermc_ecumenical_altar_pompeii, st_stairs_6
D:2:      layout_loops_corners, serial_shops, shop, uniq_terence
D:3:      layout_rooms, lemuel_round_altar, nicolae_ru_sacrificial_ziggurat
D:4:      layout_cave_pods, kennysheep_little_box

Skill      XL: |  1  2  3  4  5 |
---------------+----------------+-----
Axes           | 3 4 |  4.2
Fighting       | 4 |  4.8
Evocations     | 1 |  1.2
Throwing       | 1 |  1.1
Spellcasting   | 1 |  1.1
Armour         | |  3.8
Shields        | |  3.9

Action                   |  1- 3 |  4- 6 || total
-------------------------+-------+-------++-------
Melee: War axe           |   103 |    72 ||   175
Throw: Boomerang         |       |    22 ||    22
Evoke: Wand              |       |     2 ||     2
  Use: Scroll            |       |     2 ||     2
Armor: Scale mail        |    46 |    28 ||    74
Dodge: Dodged            |    45 |    44 ||    89
Block: Buckler           |    26 |    16 ||    42
